cohdb
Replays
Latest Replays
All Replays
Popular Replays
Top Player Replays
Match Explorer
How It Works
Community
CoH3 Stats
Reddit
Sign in to upload your games and track your stats! →
Sign in with Steam
Match 24782037
Unlisted
Match 24782037
Overview
Messages
Build Orders
End
Selects Airborne Battlegroup
Selects Pathfinders
Pathfinder Squad
Construct Weapon Support Center
Sniper
Pathfinder Squad
M1919 Machine Gun Team
Selects Paratrooper Squad Paradrop
Pathfinder Squad
Construct Medical Station
Infantry Support Center
M1919 Machine Gun Team
Construct Motor Pool
Selects Anti-tank Gun Team Paradrop
Anti-tank Gun Team Paradrop
M8 Greyhound Armored Car
Selects Recon Loiter
Engineer Squad
ConcernedApe
Frühstück
basegraph7022
CallSignStrider
0
0
Comments
sign in to comment!
No comments posted yet!